AoeStats
← xcmpierrexcm

MegaRandom

510729727Analyzed
2v2 RM · 12h ago on Oct 2, 2026· 28m 3s· 4 players
Game mode
Random Map
Map size
Medium (4 player)
Population
200
Speed
Normal
Resources
Standard
Victory
Conquest
Starting age
Dark Age
Ending age
Imperial Age
RankedLock teamsTeams togetherTeam positionsShared explorationLock speedFull tech treeHidden civsTurbo modeCheats
Victory
Defeat
🇫🇷 Sicilians · France
1596
+11
🇨🇭 Khmer · Switzerland
1551
+13
🇩🇪 Khitans · Germany
1493
-12
🇩🇪 Portuguese · Germany
1492
-12
pascal sauvage
6:48 Loom
9:24 Feudal Age
9:54 Double-Bit Axe
9:51 Horse Collar
19:11 Castle Age
19:30 Bloodlines
19:44 Fletching
20:50 Wheelbarrow
21:25 Bodkin Arrow
21:51 Padded Archer Armor
21:53 Gold Mining
23:24 Ballistics
23:29 Husbandry
xcmpierrexcm
10:38 Feudal Age
8:57 Loom
11:26 Loom
14:47 Castle Age
15:00 Double-Bit Axe
23:47 Horse Collar
25:19 Wheelbarrow
pownerto
7:26 Loom
10:50 Feudal Age
14:57 Castle Age
13:31 Double-Bit Axe
13:27 Horse Collar
14:56 Bloodlines
15:25 Scale Barding Armor
19:57 Husbandry
22:17 Town Watch
22:34 Light Cavalry
25:13 Chain Barding Armor
Nelloz
3:21 Loom
11:22 Feudal Age
17:16 Castle Age
17:12 Forging
19:34 Domestication
21:40 Husbandry
21:46 Double-Bit Axe
22:54 Scale Barding Armor
24:24 Iron Casting
25:26 Wheelbarrow
26:25 Gold Mining
Connection lost

Rejoining the realm…

Still unreachable

The connection could not be restored.

Session expired

The server has moved on; the page needs a fresh start.